 Dungeon Crawl Stone Soup version 0.20.1-1-g8b1a95d (webtiles) character file.

133 polve the Skirmisher (level 4, 0/38 HPs)
             Began as a Demonspawn Berserker on July 6, 2017.
             Was a Believer of Trog.
             Slain by a gnoll
             ... wielding a +0 whip
              (5 damage)
             ... on level 3 of the Dungeon.
             The game lasted 00:02:32 (2748 turns).

polve the Skirmisher (Demonspawn Berserker)         Turns: 2748, Time: 00:02:33

Health: 0/38       AC:  8    Str: 18    XL:     4   Next: 94%
Magic:  4/4        EV:  7    Int:  9    God:    Trog [**....]
Gold:   140        SH:  4    Dex: 12    Spells: 3/3 levels left

rFire    . . .     SeeInvis .   q - +0 flail
rCold    . . .     Gourm    .   (no shield)
rNeg     . . .     Faith    .   l - +0 chain mail
rPois    .         Spirit   .   (no helmet)
rElec    .         Reflect  .   (no cloak)
rCorr    .         Harm     .   (no gloves)
MR       .....                  (no boots)
Stlth    ..........             (no amulet)
Regen    0.2/turn               (no ring)
MPRegen  0.1/turn               (no ring)

@: no status effects
A: hooves 1, large bone plates 1
a: Berserk, Trog's Hand, Burn Spellbooks, Renounce Religion


You were on level 3 of the Dungeon.
You worshipped Trog.
Trog was pleased with you.
You were not hungry.

You visited 1 branch of the dungeon, and saw 3 of its levels.

You collected 140 gold pieces.

Inventory:

Hand Weapons
 q - a +0 flail (weapon)
Armour
 l - a +0 chain mail (worn)
Scrolls
 e - a scroll of teleportation {unknown}
 h - a scroll of recharging {unknown}
 i - 3 scrolls of identify {unknown}
 k - a scroll of remove curse {unknown}
 n - 2 scrolls of fog {unknown}
 p - a scroll of amnesia {unknown}
Potions
 b - a potion of brilliance {unknown}
 d - 2 potions of lignification {unknown}
 f - a potion of curing {unknown}
 m - a potion of haste {unknown}
 o - a potion of might {unknown}
 r - a potion of magic {unknown}
 s - a potion of resistance {unknown}
Books
 t - a book of Cantrips

   Spells                             Type                      Level
   a - Confusing Touch                Hexes                        1
   b - Animate Skeleton               Necromancy                   1
   c - Summon Small Mammal            Summoning                    1
   d - Apportation                    Translocation                1
   Trog disapproves of the use of such an item.
Comestibles
 a - 2 chunks of flesh
 c - 3 bread rations
 g - 2 fruits
 j - 2 meat rations


   Skills:
 - Level 4.7 Fighting
   Level 3.8 Long Blades
 + Level 0.3 Maces & Flails
 - Level 1.7 Armour
 - Level 1.7 Dodging


You had 3 spell levels left.
You didn't know any spells.

Dungeon Overview and Level Annotations

Branches:
Dungeon (3/15)

Altars:


Innate Abilities, Weirdness & Mutations

You have large cloven feet.
You are partially covered in large bone plates. (SH +4)


Message History

The gnoll hits you with a whip.
* * * LOW HITPOINT WARNING * * *
The gnoll hits you but does no damage. The gnoll barely misses you.
Found 6 poisoned needles.
You see here 14 gold pieces.
You see here 6 poisoned needles.
You closely miss the gnoll. The gnoll barely misses you.
Your chain mail prevents you from hitting the gnoll.
You kick the gnoll.
The gnoll is heavily wounded.
The gnoll closely misses you.
You hit the gnoll but do no damage. You kick the gnoll.
The gnoll is severely wounded.
You block the gnoll's attack. The gnoll hits you with a whip.
* * * LOW HITPOINT WARNING * * *
You barely miss the gnoll. You kick the gnoll, but do no damage.
The gnoll is severely wounded.
The gnoll hits you with a whip.
You die...

###.# ##.#.#
##....###
#####.......+
#...gg....###
#g#####...#
#g# ##..# #g#
#..#
#@##......#
#.##.###.##
#.# #.# ...
..# ... ..#
#.### ... #.
#.## #.


You could see 3 gnolls.

Vanquished Creatures
  4 gnolls (D:2)
  An adder (D:2)
  An ooze (D:2)
  2 worms (D:2)
  3 dart slugs
  3 leopard geckos (D:1)
  A ball python (D:1)
  3 giant cockroaches
  8 goblins
  6 hobgoblins
  4 jackals (D:2)
  A quokka (D:3)
  5 bats
  12 frilled lizards
  6 kobolds
  9 rats
69 creatures vanquished.

Notes
Turn   | Place    | Note
-------+----------+-------------------------------------------
     0 | D:1      | polve the Demonspawn Berserker began the quest for the Orb.
     0 | D:1      | Reached XP level 1. HP: 18/18 MP: 1/1
   389 | D:1      | Gained mutation: You have large cloven feet. [demonic ancestry]
   389 | D:1      | Reached XP level 2. HP: 24/24 MP: 2/2
   865 | D:1      | Gained mutation: You are partially covered in large bone plates. (SH +4) [demonic ancestry]
   865 | D:1      | Reached XP level 3. HP: 29/29 MP: 3/3
  1240 | D:2      | Reached ** piety under Trog
  1614 | D:2      | Reached skill level 4 in Fighting
  1614 | D:2      | Reached XP level 4. HP: 28/37 MP: 4/4
  2748 | D:3      | Slain by a gnoll

Skill      XL: |  1  2  3 |
---------------+----------+-----
Long Blades    | 3 |  3.8
Fighting       | 4 |  4.7
Maces & Flails | |  0.3
Armour         | |  1.7
Dodging        | |  1.7

Action                   |  1- 3 |  4- 6 || total
-------------------------+-------+-------++-------
Melee: Falchion          |   116 |    34 ||   150
       Kick              |    34 |    22 ||    56
       Flail             |       |    24 ||    24
  Eat: Chunk             |     2 |     4 ||     6
Armor: Animal skin       |     6 |       ||     6
       Chain mail        |    33 |    23 ||    56
Dodge: Dodged            |    60 |    24 ||    84
Block: Other             |    17 |    14 ||    31
       Rpst.: Falchion   |    16 |     5 ||    21
